 Dungeon Crawl Stone Soup version 0.31.0-11-ge490571c62 (webtiles) character file.

Game seed: 14007368433937836058

2886 Gadfly the Ruffian (level 9, -8/64 (68) HPs)
             Began as a Demonspawn Shapeshifter on Jan 26, 2024.
             Was an Initiate of Ru.
             Mangled by Maggie
             ... wielding a +1 heavy halberd
              (21 damage)
             ... on level 8 of the Dungeon on Jan 27, 2024.
             The game lasted 00:12:15 (6688 turns).

Gadfly the Ruffian (Demonspawn Shapeshifter)        Turns: 6688, Time: 00:12:15

HP:   -8/64 (68)    AC:  7    Str: 18 (19) XL:     9   Next: 48%
MP:   0/9           EV: 15    Int: 10 (11) God:    Ru [......]
Gold: 387           SH:  0    Dex: 20 (21) Spells: 8/8 levels left

rFire   . .          .
                       - Unarmed
rCold   . . .        (no shield)
rNeg    . . .        e - +2 robe of Zixku {rC- Will+ Dex+3}
rPois   .            (helmet currently unavailable)
rElec   .            z - melded +2 cloak "Fiest" {rPois}
rCorr   .            (gloves currently unavailable)
SInv    .            (boots currently unavailable)
Will    +....        w - amulet of guardian spirit
Stlth   ++           s - ring of protection from cold
HPRegen 0.30/turn    x - +6 ring of dexterity
MPRegen 0.11/turn

%: guardian spirit
@: beast-form, drained
A: beast (slay +3), yellow scales 2, icemail 1, powered by death 2, condensation
shield
a: Begin Untransformation, Renounce Religion, Sacrifice Purity, Sacrifice Drink,
Sacrifice Durability, Reject Sacrifices


You were on level 8 of the Dungeon.
You worshipped Ru.
Ru was noncommittal.
You were a hulking beast.
You visited 2 branches of the dungeon, and saw 9 of its levels.

You collected 387 gold pieces.

Inventory:

Hand Weapons
 b - the +4 war axe of the Puffin {freeze, rF+}
   (You found it on level 4 of the Dungeon)

   rF+:       It protects you from fire.
 q - a +2 dagger of venom
 r - a +4 hand axe
 u - a +5 rapier of holy wrath
 A - a +3 scimitar
Armour
 a - a +1 animal skin
 e - the +2 robe of Zixku (worn) {rC- Will+ Dex+3}
   (You found it on level 4 of the Dungeon)

   Dex+3:     It affects your dexterity (+3).
   rC-:       It makes you vulnerable to cold.
   Will+:     It increases your willpower.
 z - the +2 cloak "Fiest" (melded) {rPois}
   (You found it on level 7 of the Dungeon)

   rPois:     It protects you from poison
Jewellery
 g - a ring of protection from cold
 s - a ring of protection from cold (left hand)
 w - an amulet of guardian spirit (around neck)
 x - a +6 ring of dexterity (right hand)
Talismans
 c - a beast talisman (active)
 d - a flux talisman
Wands
 i - a wand of iceblast (7)
 l - a wand of light (3)
 t - a wand of flame (22) (quivered)
Scrolls
 h - 2 scrolls of torment
 j - 3 scrolls of enchant weapon
 o - a scroll of blinking
 y - a scroll of teleportation
Potions
 f - 4 potions of attraction
 k - a potion of curing
 m - a potion of might
 n - a potion of haste {unknown}
 p - 2 potions of lignification
 v - a potion of enlightenment {unknown}


   Skills:
 + Level 5.3 Fighting
 * Level 5.6 Dodging
 * Level 6.3 Unarmed Combat
 + Level 5.7 Evocations
 * Level 5.8 Shapeshifting


You had 8 spell levels left.
You didn't know any spells.
Your spell library contained the following spells:

 Spells                   Type           Power      Damage    Failure   Level
 Call Imp                 Summ           0%         N/A       50%         2
 Cigotuvi's Dreadful Rot  Necr/Alch/Air  0%         N/A       50%         2
 Static Discharge         Conj/Air       0%         3-3/arc   50%         2
 Sublimation of Blood     Necr           0%         N/A       50%         2
 Dazzling Flash           Conj/Hex       0%         N/A       75%         3
 Inner Flame              Hex/Fire       0%         N/A       75%         3
 Volatile Blastmotes      Fire/Tloc      0%         2d10      75%         3
 Airstrike                Air            0%         2d(0-16)  98%         4
 Flame Wave               Conj/Fire      0%         2d4       98%         4
 Ignite Poison            Fire/Alch      0%         N/A       98%         4
 Sticky Flame             Fire/Alch      0%         2d4       98%         4
 Summon Lightning Spire   Summ/Air       0%         N/A       98%         4
 Freezing Cloud           Conj/Ice/Air   0%         6-21      100%        5
 Starburst                Conj/Fire      0%         6d3       100%        6
 Summon Hydra             Summ           0%         N/A       100%        7
 Maxwell's Capacitive Co  Air            0%         ∞         100%        8


Dungeon Overview and Level Annotations

Branches:
Dungeon (8/15)             Temple (1/1) D:5
   Lair: D:8-11

Altars:
Ashenzari
Dithmenos
Gozag
Hepliaklqana
Makhleb
Nemelex Xobeh
Okawaru
Ru
Sif Muna
Trog
Vehumet
Wu Jian
Xom
Yredelemnul

Annotations:
D:8 Maggie


Innate Abilities, Weirdness & Mutations

You are a hulking beast.
Your limbs bulge with bestial killing power. (Slay +3)
You are mostly covered in yellow scales. (AC +3)
A meltable icy envelope protects you from harm. (AC +0)
You regenerate health from kills.
A meltable shield of frost defends you. (SH +0)


Message History

Maggie is moderately wounded.
Maggie points at you and mumbles some strange words.
The bolt of fire hits you!
You hit Maggie.
Maggie is heavily wounded.
Maggie barely misses you.
You slash Maggie!
Maggie is heavily wounded.
Maggie hits you with a +1 heavy halberd!
You are too injured to fight recklessly!
You are too injured to fight recklessly!
You are too injured to fight recklessly!
You are too injured to fight recklessly!
You are too injured to fight recklessly!
You are too injured to fight recklessly!
You are too injured to fight recklessly!
You are too injured to fight recklessly!
You are too injured to fight recklessly!
You are too injured to fight recklessly!
You are too injured to fight recklessly!
You are too injured to fight recklessly!
You are too injured to fight recklessly!
You are too injured to fight recklessly!
You are too injured to fight recklessly!
You are too injured to fight recklessly!
Unknown command.
You closely miss Maggie.
Maggie is heavily wounded.
Maggie hits you with a +1 heavy halberd!!
* * * LOW HITPOINT WARNING * * *
Unknown command.
You are now empty-handed.
Okay, then.
You feel better.
Maggie hits you with a +1 heavy halberd!
* * * LOW HITPOINT WARNING * * *
Unknown command.
You feel better.
Maggie hits you from afar with a +1 heavy halberd!!
You die...

#.......... ...#
##.......... #.>.
#...<....... .....
#......##### ..$.
#.#<[...... #...
#.#.#######
..#...##.#........
......@$..........
#.#...h#..##+#.#
#......#.....
#####.##.......
...........
####........
##...... .#....


You could see Maggie.

Vanquished Creatures
  A hornet (D:7)
  Eustachio (D:5)
  2 black bears
  An orc warrior (D:6)
  3 sky beasts
  2 ogres (D:5)
  Pargi (D:3)
  3 ice beasts (D:7)
  3 centaurs
  A phantom (D:6)
  4 bullfrogs
  2 scorpions (D:6)
  3 wights (D:7)
  2 hounds (D:5)
  A bombardier beetle (D:4)
  2 orc priests
  2 sleepcaps
  A jelly (D:5)
  3 iron imps (D:4)
  2 orc wizards (D:7)
  An iguana (D:6)
  8 adders
  9 gnolls
  2 shadow imps
  A white imp (D:7)
  4 ufetubi
  9 orcs
  6 endoplasms
  A giant cockroach (D:3)
  8 goblins
  3 hobgoblins
  2 jackals (D:2)
  2 quokkas
  8 ball pythons
  2 bats (D:3)
  2 frilled lizards (D:1)
  7 kobolds
  6 rats
121 creatures vanquished.

Vanquished Creatures (others)
  A gnoll (D:5)
1 creature vanquished.

Grand Total: 122 creatures vanquished

Notes
Turn   | Place    | Note
-------+----------+-------------------------------------------
     0 | D:1      | Gadfly the Demonspawn Shapeshifter began the quest for the
                  | Orb.
     0 | D:1      | Reached XP level 1. HP: 15/15 MP: 1/1
   173 | D:1      | Gained mutation: A meltable shield of frost defends you.
                  | (SH +0) [demonic ancestry]
   173 | D:1      | Reached XP level 2. HP: 21/21 MP: 2/2
   397 | D:1      | Reached skill level 1 in Evocations
   922 | D:2      | Gained mutation: You regenerate a little health from kills.
                  | [demonic ancestry]
   922 | D:2      | Reached XP level 3. HP: 24/26 MP: 3/3
  1097 | D:2      | Reached skill level 3 in Unarmed Combat
  1204 | D:2      | Found a faded altar of an unknown god.
  1629 | D:3      | Found a broken altar of Ashenzari.
  1652 | D:3      | You fall into a shaft and drop 1 floor!
  1680 | D:4      | Reached XP level 4. HP: 30/33 MP: 4/4
  1717 | D:3      | Found a shimmering blue altar of Sif Muna.
  1858 | D:3      | Noticed Pargi
  1866 | D:3      | Killed Pargi
  1867 | D:3      | Gained mutation: A meltable icy envelope protects you from
                  | harm. (AC +0) [demonic ancestry]
  1867 | D:3      | Reached XP level 5. HP: 32/38 MP: 5/5
  2293 | D:4      | Identified the +2 robe of Zixku {rC- Will+ Dex+3}
  2430 | D:4      | Identified the +4 war axe of the Puffin {freeze, rF+}
  2473 | D:4      | Found a burning altar of Makhleb.
  2669 | D:4      | Gained mutation: You are partially covered in yellow
                  | scales. (AC +2) [demonic ancestry]
  2669 | D:4      | Reached XP level 6. HP: 22/46 MP: 6/6
  3113 | D:5      | Entered Level 5 of the Dungeon
  3580 | D:5      | Reached skill level 4 in Unarmed Combat
  3580 | D:5      | Gained mutation: You are mostly covered in yellow scales.
                  | (AC +3) [demonic ancestry]
  3580 | D:5      | Reached XP level 7. HP: 28/52 MP: 7/7
  3755 | D:5      | Noticed Eustachio
  4098 | D:5      | Killed Eustachio
  4344 | D:5      | Found a staircase to the Ecumenical Temple.
  4376 | Temple   | Entered the Ecumenical Temple
  4410 | Temple   | Became a worshipper of Ru the Awakened
  4594 | D:5      | Reached XP level 8. HP: 46/58 MP: 8/8
  4725 | D:6      | Found a bloodstained altar of Trog.
  4762 | D:6      | Reached skill level 5 in Unarmed Combat
  4835 | D:6      | Reached skill level 5 in Evocations
  5076 | D:6      | Reached skill level 5 in Shapeshifting
  5486 | D:6      | Found an ornate altar of the Wu Jian Council.
  5636 | D:7      | Gained mutation: You regenerate health from kills. [demonic
                  | ancestry]
  5636 | D:7      | Reached XP level 9. HP: 58/66 MP: 7/9
  5713 | D:7      | Reached skill level 5 in Dodging
  5828 | D:7      | Reached skill level 5 in Fighting
  5831 | D:7      | Paralysed by a hornet for 2 turns
  5839 | D:7      | Reached skill level 6 in Unarmed Combat
  6296 | D:7      | Identified the +2 cloak "Fiest" {rPois}
  6668 | D:8      | Noticed Maggie
  6688 | D:8      | Mangled by Maggie

Illustrated notes

Levels and vault maps discovered:
D:1:      spicycebolla_green_bress_n_ham, layout_basic, grunt_decor_fettered
D:2:      layout_basic, shapermc_ecumenical_altar_mp_urbaneastern
D:3:      layout_basic, mainiacjoe_overflow_cross_hatched, zin_scriptorium,
          lemuel_tele_altar, tso_metal_star, uniq_pargi
D:4:      layout_rooms, demons_altar, serial_co_window_serial,
          co_window_paths_b, co_window_paths_b, co_window_paths_b,
          co_window_paths_a, co_window_paths_a, co_window_broadway_b,
          co_window_unsneaky_path_e, co_window_paths_c,
          co_window_unsneaky_path_b, co_window_of_opportunity_c,
          co_window_of_opportunity_b
D:5:      layout_basic, minmay_temple_entry_statues_fountains, uniq_eustachio
D:6:      layout_loops_ring, mainiacjoe_overflow_alcove_1, trog_butcher_becter
D:7:      layout_gridville, elyvilon_altar_3, minmay_quadrilaterals
D:8:      layout_basic, grunt_temple_overflow_cloverleaf, enter_bailey_2,
          uniq_jeremiah, uniq_maggie
Temple:   kb_temple_of_zot

Skill      XL: |  1  2  3  4  5  6  7  8  9 |
---------------+----------------------------+-----
Dodging        | 2 3 4 5 |  5.6
Evocations     | 1 2 3 4 5 |  5.7
Unarmed Combat | 3 4 5 6 |  6.3
Fighting       | 2 3 4 5 |  5.3
Shapeshifting  | 3 4 5 |  5.8

Action                     |  1- 3 |  4- 6 |  7- 9 || total
---------------------------+-------+-------+-------++-------
  Melee: Unarmed           |   144 |   123 |   332 ||   599
         Punch             |     1 |     3 |    14 ||    18
         Hand axe          |       |       |    19 ||    19
Ability: Begin Untransform |       |       |     1 ||     1
  Evoke: Wand              |       |     1 |     1 ||     2
    Use: Scroll            |     8 |     5 |     1 ||    14
         Potion            |     1 |     1 |     3 ||     5
   Stab: Sleeping          |     1 |       |     1 ||     2
 Armour: Animal skin       |    50 |     5 |       ||    55
         Robe              |       |    54 |   251 ||   305
  Dodge: Dodged            |    65 |    77 |   294 ||   436
  Block: Other             |    20 |    20 |    59 ||    99
   Form: Beast             |       |       |     1 ||     1
